 Dungeon Crawl Stone Soup version 0.31-a0-255-g9c3d1c461a (webtiles) character file.

Game seed: 15093390176351417642

90 qw the Shooter (level 4, -1/26 HPs)
             Began as a Gargoyle Hexslinger on July 12, 2023.
             Slain by a hobgoblin (4 damage)
             ... led by Robin
             ... on level 2 of the Dungeon.
             The game lasted 00:00:45 (1363 turns).

qw the Shooter (Gargoyle Hexslinger)                Turns: 1363, Time: 00:00:45

Health: -1/26      AC: 10    Str: 11    XL:     4   Next: 56%
Magic:  5/5        EV: 10    Int: 14    God:
Gold:   37         SH:  0    Dex: 14    Spells: 4/5 levels left

rFire   . . .        Y - +1 sling
rCold   . . .        (no shield)
rNeg    + . .        d - +0 ring mail
rPois   inf          n - +2 hat
rElec   +            (no cloak)
rCorr   .            (no gloves)
SInv    .            (no boots)
Will    .....        (no amulet)
Stlth   +            (no ring)
HPRegen 0.24/turn    (no ring)
MPRegen 0.09/turn

%: no passive effects
@: no status effects
A: sickness immunity, AC +3, negative energy resistance 1, electricity
resistance, torment resistance 1, petrification resistance
a: no special abilities


You were on level 2 of the Dungeon.
You visited 1 branch of the dungeon, and saw 2 of its levels.

You collected 37 gold pieces.


Innate Abilities, Weirdness & Mutations

You are immune to sickness and miasma.
Your stone body is resilient. (AC +3)
You are immune to poison.
You resist negative energy. (rN+)
You are resistant to electric shocks. (rElec)
You are resistant to unholy torment.
You are immune to petrification.


   Skills:
 - Level 2.1 Fighting
 - Level 4.1 Ranged Weapons
 + Level 0.8 Armour
 - Level 1.5 Dodging
 - Level 1.0 Spellcasting
 - Level 2.6 Hexes


You had 4 spell levels left.
You knew the following spells:

 Your Spells              Type           Power      Damage    Failure   Level
a - Slow                  Hex            32%        N/A       22%         1

Your spell library contained the following spells:

 Spells                   Type           Power      Damage    Failure   Level
 Inner Flame              Hex/Fire       4%         N/A       73%         3
 Portal Projectile        Hex/Tloc       8%         N/A       73%         3
 Cause Fear               Hex            4%         N/A       91%         4

Inventory:

Hand Weapons
 Y - a +1 sling (weapon)
Armour
 a - a +1 pair of gloves
 b - a +0 pair of boots
 d - a +0 ring mail (worn)
 n - a +2 hat (worn)
Potions
 c - a potion of ambrosia {unknown}
 g - a potion of curing {unknown}
 h - a potion of enlightenment {unknown}
 k - a potion of haste {unknown}
 m - a potion of might {unknown}

Dungeon Overview and Level Annotations

Branches:
Dungeon (2/15)

Altars:

Annotations:
D:2 Robin


Message History

The goblins go into a battle-frenzy!
The goblin hits you but does no damage. The goblin closely misses you.
The goblin barely misses you.
The hobgoblin hits you but does no damage.
The goblin hits you but does no damage. x2; Robin throws the goblin at you!
The goblin completely misses you. The goblin hits you but does no damage.
The hobgoblin hits you but does no damage.
The goblin closely misses you. The goblin misses you.
You shoot a sling bullet. The sling bullet misses the goblin.
The goblin hits you but does no damage. The goblin closely misses you.
The hobgoblin barely misses you. The goblin barely misses you. x2
The goblin hits you with a +0 dagger. The goblin barely misses you.
You shoot a sling bullet. The sling bullet hits the goblin!
You kill the goblin!
The goblin hits you but does no damage.
A frilled lizard comes into view.
The goblin closely misses you. The goblin barely misses you.
The goblin hits you but does no damage. The goblin closely misses you.
You shoot a sling bullet. The sling bullet hits the goblin.
You kill the goblin!
The goblin hits you but does no damage. The goblin closely misses you.
The hobgoblin hits you but does no damage.
The goblin hits you but does no damage. The goblin closely misses you.
The goblin hits you with a +0 dagger of venom.
You shoot a sling bullet.
The sling bullet closely misses the goblin.
The goblin misses you. The goblin closely misses you.
The goblin barely misses you.
The goblin hits you with a +0 dagger of venom.
A kobold comes into view. It is wielding a +0 whip.
The goblin hits you but does no damage. The hobgoblin barely misses you.
The goblin hits you but does no damage. The goblin hits you with a +0 club.
The hobgoblin hits you. The goblin hits you but does no damage.
The goblin barely misses you. The goblin hits you with a +0 dagger.
The goblin misses you. The goblin hits you but does no damage.
You shoot a sling bullet. The sling bullet hits Robin.
Robin is lightly wounded.
The goblin hits you with a +0 club. The goblin hits you but does no damage.
The goblin barely misses you. The hobgoblin hits you.
You die...

#. ... ..# #. #.. #.# #.
.. #.# ## ##K## #.##
##.l.## ... ##...).##
###.# ##...ggg.## ##.#.#
###....g@g..####....#####
.'....ggg..+............
##.........####...######
##.......## ##...#
##.....## #.#.# ##...## #
#.#.#### ##'## #.
..#....# #.# #[#######.#
#.# ....#....#


You could see Robin, a hobgoblin (strong), 6 goblins, a kobold and a frilled
lizard.

Vanquished Creatures
  Jessica (D:2)
  A dart slug (D:2)
  4 ball pythons (D:1)
  4 endoplasms
  4 giant cockroaches (D:1)
  11 goblins
  5 hobgoblins
  10 jackals (D:1)
  2 quokkas (D:2)
  A bat (D:1)
  2 frilled lizards (D:1)
  3 kobolds
  4 rats
52 creatures vanquished.

Notes
Turn   | Place    | Note
-------+----------+-------------------------------------------
     0 | D:1      | qw the Gargoyle Hexslinger began the quest for the Orb.
     0 | D:1      | Reached XP level 1. HP: 12/12 MP: 2/2
     0 | D:1      | 0 ||| qw: Version: 0.3-a-52-g30416fa
     0 | D:1      | 0 ||| qw: Game counter: 6644
     0 | D:1      | 0 ||| qw: Melee chars always use a shield: true
     0 | D:1      | 0 ||| qw: God list: Okawaru
     0 | D:1      | 0 ||| qw: Allow faded altars: false
     0 | D:1      | 0 ||| qw: Do Orc after clearing Dungeon:15 true
     0 | D:1      | 0 ||| qw: Do second Lair branch before Depths: true
     0 | D:1      | 0 ||| qw: Lair rune preference: random
     0 | D:1      | 0 ||| qw: Goals: Normal
     0 | D:1      | 0 ||| PLANNING D:1-11
   101 | D:1      | Reached XP level 2. HP: 16/16 MP: 3/3
   366 | D:1      | 366 ||| Stepping ~*~*~tactically~*~*~ (outnumbered).
   372 | D:1      | Reached skill level 3 in Ranged Weapons
   470 | D:1      | Reached XP level 3. HP: 21/21 MP: 4/4
   844 | D:1      | 844 ||| UPGRADING to +0 ring mail.
   854 | D:1      | 854 ||| DROPPING +0 robe.
   855 | D:1      | 855 ||| UPGRADING to +0 helmet.
   860 | D:1      | 860 ||| UPGRADING to +2 hat.
   870 | D:1      | 870 ||| DROPPING +0 helmet.
   871 | D:1      | 871 ||| DROPPING ring of wizardry.
   872 | D:1      | 872 ||| READING scroll labelled ENAXOF HIDEET.
   873 | D:1      | 873 ||| READING scroll labelled UNNUFR IDYKKIMN.
   874 | D:1      | 874 ||| READING scroll labelled FISEAJ WAADOXT.
   875 | D:1      | 875 ||| DROPPING scroll of poison.
  1156 | D:2      | Noticed Jessica
  1166 | D:2      | Killed Jessica
  1167 | D:2      | Reached skill level 4 in Ranged Weapons
  1167 | D:2      | Reached XP level 4. HP: 14/26 MP: 5/5
  1353 | D:2      | Noticed Robin
  1363 | D:2      | HP: 3/26 [goblin/+0 club[Robin] (4)]
  1363 | D:2      | Slain by a hobgoblin

Levels and vault maps discovered:
D:1:      dpeg_arrival_rooms_b, layout_basic, nicolae_figureground_sparkle
D:2:      layout_loops_corners, hangedman_decor_clover_reticule, uniq_natasha,
          uniq_robin, uniq_jessica

Skill      XL: |  1  2  3 |
---------------+----------+-----
Ranged Weapons | 3 4 |  4.1
Fighting       | 2 |  2.1
Armour         | |  0.8
Dodging        | |  1.5
Spellcasting   | |  1.0
Hexes          | |  2.6

Action                     |  1- 3 |  4- 6 || total
---------------------------+-------+-------++-------
   Fire: Sling             |   181 |    20 ||   201
    Use: Scroll            |     3 |       ||     3
 Armour: Robe              |    50 |       ||    50
         Ring mail         |     5 |    25 ||    30
  Dodge: Dodged            |    83 |    28 ||   111

Table legend:
 A = Non-vault XP
 B = Vault XP
 C = Vault XP percentage of total XP
 D = Non-vault monster count
 E = Vault monster count
 F = Vault count percentage of total count
                 A         B        C        D         E       F
            +---------+---------+-------+---------+---------+-------
      Total |      82 |      47 |  36.4 |      46 |       6 |  11.5
            +---------+---------+-------+---------+---------+-------
        D:1 |      61 |       0 |   0.0 |      35 |       0 |   0.0
        D:2 |      21 |      47 |  69.1 |      11 |       6 |  35.3
            +---------+---------+-------+---------+---------+-------
